 Dungeon Crawl Stone Soup version 0.26-b1-32-g5d43845318 (webtiles) character file.

Game seed: 5345756315086006281

57 inmateoo the Grave Robber (level 4, 0/30 HPs)
             Began as a Barachi Necromancer on Jan 12, 2021.
             Slain by a worm (10 damage)
             ... on level 2 of the Dungeon.
             The game lasted 00:02:02 (1781 turns).

inmateoo the Grave Robber (Barachi Necromancer)     Turns: 1781, Time: 00:02:02

Health: 0/30       AC:  2    Str:  9    XL:     4   Next: 0%
Magic:  1/8        EV: 13    Int: 17    God:
Gold:   65         SH:  0    Dex: 12    Spells: 4/8 levels left

rFire    . . .     SeeInvis .   f - +0 whip
rCold    . . .     Faith    .   (no shield)
rNeg     . . .     Spirit   .   a - +0 robe
rPois    .         Reflect  .   (no helmet)
rElec    .         Harm     .   (no cloak)
rCorr    .         Rampage  .   (no gloves)
Will     .....                  (no boots)
Stlth    ++........             (no amulet)
HPRegen  0.10/turn              (no ring)
MPRegen  0.11/turn              (no ring)

@: slow
A: +LOS, swims, slowness 1, strong legs 1
a: Hop


You were on level 2 of the Dungeon.
You visited 1 branch of the dungeon, and saw 3 of its levels.

You collected 65 gold pieces.

Inventory:

Hand Weapons
 f - a +0 whip (weapon)
Armour
 a - a +0 robe (worn)
 k - a +0 buckler
Jewellery
 g - a cursed amulet of inaccuracy {unknown}
Scrolls
 b - 2 scrolls of remove curse {unknown}
 c - 2 scrolls of identify {unknown}
 e - a scroll of teleportation {unknown}
Potions
 d - a potion of might {unknown}
 h - a potion of lignification {unknown}
 i - a potion of brilliance {unknown}
 j - a potion of attraction {unknown}
 l - a potion of magic {unknown}


   Skills:
 + Level 2.8 Dodging
 - Level 2.0 Stealth
 + Level 0.4 Shields
 * Level 2.1 Unarmed Combat
 + Level 2.6 Spellcasting
 + Level 3.8 Necromancy


You had 4 spell levels left.
You knew the following spells:

 Your Spells              Type           Power        Failure   Level
a - Pain                  Necr           60%          3%          1
b - Vampiric Draining     Necr           7%           11%         3

Your spell library contained the following spells:

 Spells                   Type           Power        Failure   Level
 Animate Skeleton         Necr           30%          3%          1
 Animate Dead             Necr           7%           36%         4
 Agony                    Necr           15%          71%         5


Dungeon Overview and Level Annotations

Branches:
Dungeon (3/15)

Altars:


Innate Abilities, Weirdness & Mutations

You can be seen from farther away. (+LOS)
You can swim through water.
You cover ground slowly.
You can hop short distances.


Message History

The worm writhes in agony!
The worm bites you.
Casting: Pain (safe; 3% risk of failure)
Confirm with . or Enter, or press ? or * to list all spells.
Aiming: Pain (safe; 3% risk of failure)
Press: ? - help, Shift-Dir - straight line, f/p - worm
Aim: a worm (heavily wounded, chance to affect: 80%)
The worm writhes in agony.
Casting: Pain (safe; 3% risk of failure)
Confirm with . or Enter, or press ? or * to list all spells.
Aiming: Pain (safe; 3% risk of failure)
Press: ? - help, Shift-Dir - straight line, f/p - worm
Aim: a worm (severely wounded, chance to affect: 80%)
The worm writhes in agony.
The worm bites you.
Casting: Pain (safe; 3% risk of failure)
Confirm with . or Enter, or press ? or * to list all spells.
Aiming: Pain (safe; 3% risk of failure)
Press: ? - help, Shift-Dir - straight line, f/p - worm
Aim: a worm (severely wounded, chance to affect: 80%)
The worm barely resists.
The worm bites you!
You die...

##...##...####.
#<###.##### #.#
#.# #.###.#
##...## ##..#
#..# #..# #@.#
#w.....#
#.####.# #.#
#.# ..# ..# ..#
.##


You could see a worm.

Vanquished Creatures
  2 adders
  2 dart slugs (D:1)
  2 leopard geckos (D:2)
  A giant cockroach (D:1)
  3 goblins (D:1)
  6 hobgoblins
  2 jackals (D:1)
  5 bats
  2 frilled lizards
  4 kobolds
  3 rats
32 creatures vanquished.

Notes
Turn   | Place    | Note
-------+----------+-------------------------------------------
     0 | D:1      | inmateoo the Barachi Necromancer began the quest for the
                  | Orb.
     0 | D:1      | Reached XP level 1. HP: 13/13 MP: 3/3
   275 | D:1      | Reached XP level 2. HP: 18/19 MP: 1/5
   327 | D:1      | Reached skill level 1 in Unarmed Combat
   667 | D:1      | Reached XP level 3. HP: 23/24 MP: 4/6
   671 | D:1      | Learned a level 3 spell: Vampiric Draining
  1748 | D:2      | Reached XP level 4. HP: 25/30 MP: 8/8
  1781 | D:2      | Slain by a worm

Illustrated notes

Levels and vault maps discovered:
D:1:      dpeg_arrival_connections, layout_basic
D:2:      layout_loops_ring, minmay_statues_item
D:3:      layout_loops_corners, roderic_roman_lattice, grunt_ministairs_2

Skill      XL: |  1  2  3 |
---------------+----------+-----
Unarmed Combat | 1 2 |  2.1
Stealth        | 2 |  2.0
Dodging        | |  2.8
Shields        | |  0.4
Spellcasting   | |  2.6
Necromancy     | |  3.8

Action                   |  1- 3 |  4- 6 || total
-------------------------+-------+-------++-------
Melee: Whip              |    34 |       ||    34
 Cast: Pain              |    50 |     7 ||    57
       Vampiric Draining |     1 |       ||     1
 Stab: Sleeping          |     1 |       ||     1
Armor: Robe              |    13 |       ||    13
Dodge: Dodged            |    33 |     1 ||    34
